 Dungeon Crawl Stone Soup version 0.29-a0-872-g797fff5ad1 (webtiles) character file.

Game seed: 4757736956098131189

277 jimonade the Shield-Bearer (level 6, -4/49 HPs)
             Began as a Formicid Fighter on July 19, 2022.
             Slain by a steam dragon (8 damage)
             ... on level 3 of the Dungeon.
             The game lasted 00:04:20 (2786 turns).

jimonade the Shield-Bearer (Formicid Fighter)       Turns: 2786, Time: 00:04:20

Health: -4/49      AC:  8    Str: 20    XL:     6   Next: 51%
Magic:  6/6        EV:  9    Int:  8    God:
Gold:   117        SH:  5    Dex: 15    Spells: 5/5 levels left

rFire   . . .      SeeInvis +   a - +0 long sword
rCold   . . .      Faith    .   c - +0 buckler
rNeg    . . .      Spirit   .   b - +0 scale mail
rPois   .          Reflect  .   (helmet unavailable)
rElec   .          Harm     .   v - scarf {shadows}
rCorr   .          Rampage  .   (no gloves)
Will    .....                   t - +0 pair of boots
Stlth   ..........              (no amulet)
HPRegen 0.16/turn               (no ring)
MPRegen 0.10/turn               (no ring)

@: no status effects
A: permanent stasis, dig shafts and tunnels, antennae 3, four strong arms
a: Dig, Shaft Self


You were on level 3 of the Dungeon.
You visited 1 branch of the dungeon, and saw 3 of its levels.

You collected 117 gold pieces.

Inventory:

Hand Weapons
 a - a +0 long sword (weapon)
Missiles
 j - 4 atropa-tipped darts
 r - 2 throwing nets
 u - 13 stones
Armour
 b - a +0 scale mail (worn)
 c - a +0 buckler (worn)
 e - a +2 robe of cold resistance
 h - a +0 ring mail
 o - a +0 leather armour
 t - a +0 pair of boots (worn)
 v - a scarf of shadows (worn)
 x - a +0 leather armour
Wands
 w - a wand of charming (6)
Scrolls
 f - a scroll of magic mapping {unknown}
 g - 3 scrolls of teleportation {unknown}
 i - a scroll of amnesia {unknown}
 l - a scroll of poison {unknown}
 m - a scroll of vulnerability {unknown}
 n - a scroll of immolation {unknown}
 p - a scroll of summoning {unknown}
Potions
 d - a potion of might
 k - a potion of attraction {unknown}
 q - 4 potions of degeneration {unknown}
 s - 2 potions of heal wounds {unknown}


   Skills:
 + Level 4.4 Fighting
 + Level 4.2 Long Blades
 + Level 4.5 Armour
 + Level 1.0 Dodging
 + Level 4.9 Shields


You had 5 spell levels left.
You didn't know any spells.
Your spell library contained the following spells:

 Spells                   Type           Power      Damage    Failure   Level
 Poisonous Vapours        Pois/Air       0%         N/A       91%         2
 Corpse Rot               Necr/Pois/Air  0%         N/A       100%        4


Dungeon Overview and Level Annotations

Branches:
Dungeon (3/15)

Altars:

Shops:
D:3 :


Innate Abilities, Weirdness & Mutations

You cannot be hasted, slowed, berserked, paralysed or teleported.
You can dig through walls and to a lower floor.
You have a pair of large antennae on your head. (SInv)
Your four strong arms can wield two-handed weapons with a shield.


Message History

You slash the steam dragon!
The steam dragon is heavily wounded.
The steam dragon barely misses you.
The steam dragon claws you but does no damage.
The steam dragon bites you but does no damage.
The steam dragon barely misses you.
You closely miss the steam dragon.
The steam dragon is moderately wounded.
The steam dragon bites you! The steam dragon claws you.
You hit the steam dragon.
The steam dragon is heavily wounded.
You block the steam dragon's attack. The steam dragon barely misses you.
The steam dragon completely misses you. The steam dragon claws you.
You are too injured to fight recklessly!
You closely miss the steam dragon.
The steam dragon is heavily wounded.
You block the steam dragon's attack. The steam dragon claws you.
* * * LOW HITPOINT WARNING * * *
You hit the steam dragon.
The steam dragon is severely wounded.
The steam dragon bites you.
* * * LOW HITPOINT WARNING * * *
The steam dragon claws you.
* * * LOW HITPOINT WARNING * * *
You barely miss the steam dragon.
The steam dragon is severely wounded.
You block the steam dragon's attack.
The steam dragon claws you but does no damage.
You hit the steam dragon but do no damage.
The steam dragon is severely wounded.
You block the steam dragon's attack. The steam dragon barely misses you.
The steam dragon bites you but does no damage.
The steam dragon closely misses you.
You barely miss the steam dragon.
The steam dragon is severely wounded.
The steam dragon closely misses you. x2
You hit the steam dragon.
The steam dragon is almost dead.
The steam dragon bites you!
You die...

#...#..##..D#
#.####.##... #####.#
#.##?.# #####.....#
#.##..# ..........#
#.##..# #####....##
#.##..# # ###### #.##..#
# ...# #..D..#### ## #
#..# ##.@......# #.#.
#..# ##.......#.# ##..
#..##......#.# #..##
#..#..#...#.# #...
##....#...# # #..##
##..#..#...#.# ##..##
##..##.†#...#.#
#.#S.###..#.#..#<....#
##.#..#.)#)##....#.#####


You could see a steam dragon.

Vanquished Creatures
  Sigmund (D:2)
  5 adders
  A dart slug (D:1)
  3 worms
  2 orcs (D:3)
  5 endoplasms
  5 giant cockroaches
  5 goblins
  6 hobgoblins
  5 jackals
  A quokka (D:2)
  3 ball pythons
  4 bats
  4 frilled lizards
  A kobold (D:2)
  7 rats
58 creatures vanquished.

Notes
Turn   | Place    | Note
-------+----------+-------------------------------------------
     0 | D:1      | jimonade the Formicid Fighter began the quest for the Orb.
     0 | D:1      | Reached XP level 1. HP: 18/18 MP: 1/1
   335 | D:1      | Reached XP level 2. HP: 24/24 MP: 2/2
   930 | D:1      | Reached XP level 3. HP: 26/30 MP: 3/3
  1381 | D:2      | Reached XP level 4. HP: 28/37 MP: 4/4
  1701 | D:2      | Noticed Sigmund
  1768 | D:2      | Killed Sigmund
  1769 | D:2      | Reached XP level 5. HP: 14/43 MP: 5/5
  1769 | D:2      | Reached XP level 6. HP: 16/49 MP: 6/6
  2621 | D:3      | Found Yliopopt's Book Shoppe.
  2628 | D:3      | Reached skill level 1 in Dodging
  2762 | D:3      | Noticed a steam dragon
  2786 | D:3      | Slain by a steam dragon

Illustrated notes

Levels and vault maps discovered:
D:1:      mushboom_english_gardens, layout_loops_corners, minmay_misc_feat_room
D:2:      layout_loops_ring, uniq_sigmund
D:3:      minmay_diamond_boxcup, layout_basic, mainiacjoe_overflow_alcove_1,
          nemelex_spade_bored_becter, serial_shops, shop_statue,
          hellmonk_ecumenical_altar_run_dry, minmay_fractal_squares_diagonal_5

Skill      XL: |  1  2  3  4  5  6 |
---------------+-------------------+-----
Fighting       | 4 |  4.4
Long Blades    | 3 4 |  4.2
Armour         | 4 |  4.5
Dodging        | 1 |  1.0
Shields        | |  4.9

Action                   |  1- 3 |  4- 6 || total
-------------------------+-------+-------++-------
Melee: Long sword        |    97 |   142 ||   239
Armor: Scale mail        |    52 |    72 ||   124
Dodge: Dodged            |    37 |    64 ||   101
Block: Buckler           |    27 |    47 ||    74

Table legend: (Time is in decaauts)
 A = Elapsed time spent in this place.
 B = Non-inter-level travel time spent in this place.
 C = Inter-level travel time spent in this place.
 D = Time resting spent in this place.
 E = Time spent auto-exploring this place.
 F = Levels seen in this place.
 G = Mean time per level.
                   A        B        C        D        E       F      G
               +--------+--------+--------+--------+--------+-----+--------+
         Total |   2850 |   2809 |     41 |     38 |   2144 |   3 |  950.0 |
       Dungeon |   2850 |   2809 |     41 |     38 |   2144 |   3 |  950.0 |
               +--------+--------+--------+--------+--------+-----+--------+

Top non-repeatable levels by time:
     D:1: 1176 daAuts
     D:2: 941 daAuts
     D:3: 732 daAuts
